 Dungeon Crawl Stone Soup version 0.28.0-1-gb440e238dd (webtiles) character file.

Game seed: 11648579808277571444

118449 MirrMurr the Spear-Bearer (level 16, -3/121 (131) HPs)
             Began as a Demonspawn Berserker on Feb 27, 2022.
             Was a High Priest of Trog.
             Killed from afar by a vampire mage (35 damage)
             ... with a bolt of negative energy
             ... on level 15 of the Dungeon.
             The game lasted 00:52:46 (22528 turns).

MirrMurr the Spear-Bearer (Demonspawn Berserker)   Turns: 22528, Time: 00:52:46

HP:   -3/121 (131)  AC: 22    Str: 24    XL:     16   Next: 25%
MP:   16/16         EV: 17    Int:  8    God:    Trog [*****.]
Gold: 1314          SH: 16    Dex: 13    Spells: 15/15 levels left

rFire   . . .      SeeInvis .   a - +6 trident (flame)
rCold   . . .      Faith    .   Y - +1 tower shield {rPois}
rNeg    . . .      Spirit   .   R - +0 swamp dragon scales
rPois   +          Reflect  .   H - +0 hat
rElec   .          Harm     .   N - +2 cloak
rCorr   .          Rampage  .   p - +2 pair of gloves
Will    +++..                   V - +0 pair of boots
Stlth   +.........              f - amulet of regeneration
HPRegen 2.10/turn               U - +4 ring of evasion
MPRegen 0.15/turn               r - +4 ring of slaying

@: strong-willed, regenerating, drained
A: hooves 2, icy blue scales 2, ignite blood 2, demonic magic 3, clumsy 1
a: Renounce Religion, Berserk, Trog's Hand, Brothers in Arms


You were on level 15 of the Dungeon.
You worshipped Trog.
Trog was extremely pleased with you.
You visited 2 branches of the dungeon, and saw 21 of its levels.
You visited the Abyss 1 time.
You also visited: Bailey and Gauntlet.

You collected 1314 gold pieces.

Inventory:

Hand Weapons
 a - a +6 trident of flaming (weapon)
 b - a +0 hunting sling
Missiles
 c - 512 stones (quivered)
 t - 226 sling bullets
 E - 5 curare-tipped darts
 F - 20 boomerangs
 I - 6 javelins
 J - 38 poisoned darts
Armour
 p - a +2 pair of gloves (worn)
 H - a +0 hat (worn)
 N - a +2 cloak (worn)
 R - +0 swamp dragon scales (worn)
 V - a +0 pair of boots (worn)
 Y - a +1 tower shield of poison resistance (worn)
Jewellery
 f - an amulet of regeneration (around neck)
 g - a ring of see invisible
 o - a ring of ice
 r - a +4 ring of slaying (right hand)
 w - a ring of fire
 M - a ring of resist corrosion
 P - the ring "Ziesipiu" {Fly Str+4 Int+4 Stlth+}
   (You found it on level 5 of the Lair of Beasts)

   [ring of flight]

   Str:       It affects your strength (+4).
   Int:       It affects your intelligence (+4).
   Fly:       It grants you flight.
   Stlth:     It makes you more stealthy.
 S - a ring of willpower
 U - a +4 ring of evasion (left hand)
Wands
 n - a wand of iceblast (7)
 s - a wand of digging (11)
 y - a wand of flame (39)
 A - a wand of acid (11)
 Q - a wand of charming (15)
 W - a wand of paralysis (8)
Scrolls
 i - 2 scrolls of identify
 m - 5 scrolls of magic mapping
 q - a scroll of summoning
 v - 3 scrolls of vulnerability
 B - a scroll of silence
 C - 3 scrolls of teleportation
 D - 2 scrolls of blinking
 G - 2 scrolls of fog
 K - 3 scrolls of fear
 L - a scroll of immolation
 X - a scroll of brand weapon
Potions
 e - 6 potions of mutation
 h - 3 potions of flight
 j - 2 potions of magic
 k - 2 potions of haste
 l - 6 potions of might
 u - 10 potions of curing
 x - 3 potions of heal wounds
 z - 2 potions of invisibility
 O - a potion of ambrosia
 T - a potion of cancellation
 Z - a potion of berserk rage


   Skills:
 * Level 13.5 Fighting
 - Level 14.0 Polearms
 + Level 4.6 Throwing
 + Level 11.2 Armour
 + Level 11.3 Dodging
 + Level 8.6 Shields
 - Level 5.5 Evocations


You had 15 spell levels left.
You didn't know any spells.
Your spell library was empty.

Dungeon Overview and Level Annotations

Branches:
Dungeon (15/15)            Temple (0/1) D:5            Lair (6/6) D:9
 Shoals (0/4) Lair:2       Spider (0/4) Lair:4        Slime (0/5) Lair:6
    Orc (0/2) D:9          Vaults (0/5) D:13         Depths (0/4) D:15
 Bailey (visited)         Gauntlet (visited)

Altars:
Ashenzari
Gozag
Kikubaaqudgha
Nemelex Xobeh
Sif Muna
Vehumet
Wu Jian
Xom
Yredelemnul
Jiyva

Shops:
D:7 =   D:9 [(   D:12 !   D:13 ?

Annotations:
D:14 exclusion: downstairs
D:15 exclusion: orange crystal statue
Lair:1 rCorr, exclusion: 3 oklob plants
Lair:4 exclusion: oklob plant


Innate Abilities, Weirdness & Mutations

You have hoof-like feet.
You are mostly covered in icy blue scales. (AC +3)
Your demonic aura often causes spilled blood to erupt in flames.
Spells you cast and wands you use may paralyse nearby enemies.
You are clumsy. (Dex -2)


Message History

You block the skeletal warrior's attack.
Your two-headed ogre goes berserk!
The skeletal warrior is engulfed in blazing flames.
You block the skeletal warrior's attack.
You puncture the skeletal warrior! You burn the skeletal warrior.
You destroy the skeletal warrior!
Trog accepts your kill.
You puncture the ettin zombie! You burn the ettin zombie.
The ettin zombie is moderately damaged.
Your two-headed ogre hits the ettin zombie with a +0 giant club. x2
The ettin zombie is engulfed in blazing flames.
The ettin zombie hits you!!
* * * LOW HITPOINT WARNING * * *
You block the ettin zombie's attack.
You hit the ettin zombie. You burn the ettin zombie.
The ettin zombie is severely damaged.
Your two-headed ogre hits the ettin zombie with a +0 giant club!
Your two-headed ogre hits the ettin zombie with a +0 giant club!!
The ettin zombie is destroyed!
Trog accepts your kill. The necromancer completely misses you.
You see here a +0 hand axe.
Unknown command.
The necromancer misses you.
You puncture the necromancer! You burn the necromancer.
The necromancer is heavily wounded.
Your two-headed ogre closely misses the necromancer.
Your two-headed ogre hits the necromancer with a +0 giant club!!
The necromancer dies!
Trog accepts your kill.
Trog appreciates your killing of a magic user.
Unknown command.
Your two-headed ogre is engulfed in blazing flames.
The vampire mage mumbles some strange words.
The vampire mage flickers and vanishes!
You puncture something! You burn something.
You hear some strange, mumbled words.
A bolt of negative energy appears from out of thin air!
The bolt of negative energy hits you!!
You feel drained.
You die...

##### ..#..#######+#
.P.....P..#..+ ....#
..........#..# ....+
........8..P.#..# ....#
.8...P.8.....#..# ....#
...P.......☼○☼..# ....#
....Z....{@..#### ....#
..8..P>.8)O........#
....##Z..P..P....8.......#
...Z)z......PZ.....#..#..#
.W..#{Z.......8...8#### .#
.z####Z........P.... ..#
.P............. ..+
.......P..P..#.. z.#
.......


You could see a stone giant zombie, an iron dragon skeleton (ally target) and a
friendly two-headed ogre (summoned, berserk).

Vanquished Creatures
  Rupert (Lair:6)
  A shard shrike zombie (Abyss:2)
  Jorgrun (D:14)
  Gastronok (D:8)
  Louise (D:14)
  A green death (Abyss:2)
  Josephine (D:11)
  A fire dragon (Lair:6)
  2 vault guards (Bailey)
  7 boulder beetles
  Erica (Lair:2)
  9 centaur warriors
  3 death knights
  2 dancing weapons (D:13)
  9 hydras
  2 death yaks (Lair:6)
  A tengu warrior (D:14)
  A two-headed ogre (D:14)
  2 wretched stars (Abyss:2)
  A sixfirhy (Abyss:2)
  6 skeletal warriors
  A swamp dragon (Lair:6)
  A phantasmal warrior (D:12)
  A harpy (shapeshifter) (D:13)
  A lindwurm (Lair:6)
  4 deep elf pyromancers
  4 manticores
  An ugly thing (D:12)
  An oklob plant (Lair:1)
  8 elephants
  10 cyclopes
  Maurice (D:9)
  Joseph (D:8)
  4 black mambas
  A guardian serpent (shapeshifter) (D:12)
  An apocalypse crab (Abyss:2)
  A smoke demon (Abyss:2)
  22 cane toads
  2 torpor snails (Lair:5)
  An eye of devastation (Abyss:2)
  9 komodo dragons
  An unseen horror (D:11)
  A yaktaur (shapeshifter) (D:12)
  3 rime drakes
  2 freezing wraiths (D:14)
  A troll (D:13)
  2 meliai
  A wind drake (Lair:2)
  2 polar bears
  3 large abominations (Abyss:2)
  A harpy skeleton (Abyss:2)
  9 slime creatures
  Prince Ribbit (Bailey)
  A meliai zombie (D:11)
  9 blink frogs
  6 dream sheep
  7 raiju (Abyss:2)
  A vampire (D:9)
  3 wyverns
  6 humans (Bailey)
  9 wraiths
  37 yaks
  10 basilisks
  Eustachio (D:4)
  2 steam dragons (Lair:6)
  2 neqoxecs (Abyss:2)
  11 vampire mosquitoes
  A death yak simulacrum (Lair:4)
  7 acid dragons
  Menkaure (D:5)
  18 water moccasins
  2 small abominations (Abyss:2)
  2 black bears
  2 swamp drakes (Lair:6)
  A floating eye (Lair:1)
  An ice beast (D:8)
  A black bear (shapeshifter) (D:14)
  9 orc warriors
  An ogre (D:6)
  3 wolves (Lair:5)
  12 centaurs
  A phantom (D:6)
  Blork the orc (D:4)
  2 kobold brigands
  16 bullfrogs
  2 gnoll sergeants
  2 cane toad simulacra (Lair:4)
  A scorpion (D:5)
  An elephant simulacrum (Lair:4)
  10 wights
  10 killer bees
  4 electric eels
  3 howler monkeys
  5 centaur zombies
  3 hounds
  4 jellies
  3 orc priests
  A gnoll shaman (D:6)
  2 bullfrog skeletons (D:5)
  Ijyb (D:3)
  8 orc wizards
  A howler monkey zombie (D:8)
  6 adders
  14 gnolls
  A shadow imp (D:8)
  A white imp (D:5)
  An ufetubus (D:6)
  An adder skeleton (D:4)
  An adder zombie (D:5)
  2 worms
  4 dart slugs
  33 orcs
  9 endoplasms
  10 giant cockroaches
  3 goblins
  9 hobgoblins
  9 iguanas
  4 jackals (D:4)
  6 quokkas
  6 ball pythons
  20 bats
  3 frilled lizards (D:3)
  13 kobolds
  A quokka skeleton (D:4)
  A rat (D:1)
  A butterfly (Lair:4)
562 creatures vanquished.

Vanquished Creatures (collateral kills)
  A hydra (Lair:6)
  A death yak (Lair:6)
  A necromancer (D:15)
  A rime drake (Lair:6)
  3 dream sheep (Lair:6)
  An ettin zombie (D:15)
8 creatures vanquished.

Vanquished Creatures (others)
  13 fungi
  69 plants
  4 starspawn tentacles (Abyss:2)
86 creatures vanquished.

Grand Total: 656 creatures vanquished

Notes
Turn   | Place    | Note
-------+----------+-------------------------------------------
     0 | D:1      | MirrMurr the Demonspawn Berserker began the quest for the
                  | Orb.
     0 | D:1      | Reached XP level 1. HP: 18/18 MP: 1/1
   222 | D:1      | Found a faded altar of an unknown god.
   482 | D:1      | Gained mutation: You have large cloven feet. [demonic
                  | ancestry]
   482 | D:1      | Reached XP level 2. HP: 23/24 MP: 2/2
   597 | D:1      | Reached skill level 3 in Polearms
  1077 | D:2      | Reached XP level 3. HP: 29/29 MP: 3/3
  1524 | D:2      | Reached ** piety under Trog
  1643 | D:3      | Gained mutation: Spells you cast may paralyse adjacent
                  | enemies. [demonic ancestry]
  1643 | D:3      | Reached XP level 4. HP: 27/35 MP: 4/4
  1701 | D:3      | Found a shimmering altar of Xom.
  1719 | D:3      | Found a basalt altar of Yredelemnul.
  1724 | D:3      | Noticed Ijyb
  1735 | D:3      | Killed Ijyb
  1736 | D:3      | Reached skill level 4 in Polearms
  1736 | D:3      | Reached XP level 5. HP: 42/42 MP: 5/5
  2286 | D:4      | Gained mutation: You have hoof-like feet. [demonic
                  | ancestry]
  2286 | D:4      | Reached XP level 6. HP: 48/48 MP: 6/6
  2325 | D:4      | Noticed Eustachio
  2332 | D:4      | Killed Eustachio
  2620 | D:4      | Reached *** piety under Trog
  2643 | D:4      | Found a broken altar of Ashenzari.
  2896 | D:4      | Noticed Blork the orc
  2905 | D:4      | Killed Blork the orc
  2906 | D:4      | Reached skill level 5 in Polearms
  2906 | D:4      | Gained mutation: You are partially covered in icy blue
                  | scales. (AC +2) [demonic ancestry]
  2906 | D:4      | Reached XP level 7. HP: 48/55 MP: 7/7
  3077 | D:4      | Found an ornate altar of the Wu Jian Council.
  3116 | D:5      | Entered Level 5 of the Dungeon
  3166 | D:5      | Found a staircase to the Ecumenical Temple.
  3350 | D:5      | Reached skill level 5 in Fighting
  3354 | D:5      | Found a broken altar of Ashenzari.
  3537 | D:5      | Noticed Menkaure
  3546 | D:5      | Killed Menkaure
  3547 | D:5      | Reached skill level 6 in Polearms
  3547 | D:5      | Gained mutation: You are mostly covered in icy blue scales.
                  | (AC +3) [demonic ancestry]
  3547 | D:5      | Reached XP level 8. HP: 62/62 MP: 8/8
  4077 | D:6      | Reached **** piety under Trog
  4117 | D:6      | Reached skill level 7 in Polearms
  4396 | D:6      | Reached skill level 5 in Dodging
  4576 | D:7      | Reached skill level 5 in Armour
  4576 | D:7      | Reached XP level 9. HP: 69/69 MP: 9/9
  5024 | D:7      | Found a flagged portal.
  5033 | Bailey   | Entered a bailey
  5039 | Bailey   | Reached skill level 8 in Polearms
  5141 | Bailey   | Reached ***** piety under Trog
  5170 | Bailey   | Noticed a vault guard
  5190 | Bailey   | Killed a vault guard
  5191 | Bailey   | Reached XP level 10. HP: 59/79 MP: 10/10
  5228 | Bailey   | Noticed Prince Ribbit
  5228 | Bailey   | Noticed a vault guard
  5237 | Bailey   | Killed Prince Ribbit
  5238 | Bailey   | Reached skill level 9 in Polearms
  5246 | Bailey   | Killed a vault guard
  5578 | D:7      | Found Niefa's One-of-a-Kind Rings.
  6353 | D:8      | Noticed Gastronok
  6365 | D:8      | Killed Gastronok
  6366 | D:8      | Reached skill level 10 in Polearms
  6810 | D:8      | Noticed Joseph
  6821 | D:8      | Killed Joseph
  6854 | D:8      | Found a shimmering blue altar of Sif Muna.
  7070 | D:9      | Found a staircase to the Lair.
  7171 | D:9      | Gained mutation: Spells you cast may paralyse nearby
                  | enemies. [demonic ancestry]
  7171 | D:9      | Reached XP level 11. HP: 60/86 MP: 11/11
  7305 | D:9      | Found Regguov's Weapon Shoppe.
  7306 | D:9      | Found a staircase to the Orcish Mines.
  7378 | D:9      | Found Woholuxo's Armour Shoppe.
  7458 | D:9      | Noticed Maurice
  7477 | D:9      | Killed Maurice
  7643 | D:9      | Found a sparkling altar of Nemelex Xobeh.
  7647 | D:9      | Found a radiant altar of Vehumet.
  7652 | D:9      | Found an ancient bone altar of Kikubaaqudgha.
  7856 | D:10     | Entered Level 10 of the Dungeon
  7856 | D:10     | Noticed a deep elf pyromancer
  7918 | D:10     | Killed a deep elf pyromancer
  8065 | D:10     | Reached skill level 1 in Shields
  8203 | D:10     | Found an opulent altar of Gozag.
  8723 | D:10     | Noticed a deep elf pyromancer
  8750 | D:10     | Killed a deep elf pyromancer
  8905 | D:11     | Noticed a skeletal warrior
  8905 | D:11     | Noticed a skeletal warrior
  9004 | Lair:1   | Entered Level 1 of the Lair of Beasts
  9129 | Lair:1   | Reached skill level 11 in Polearms
  9455 | Lair:1   | Noticed an oklob plant
  9626 | Lair:1   | Noticed an oklob plant
  9626 | Lair:1   | Noticed an oklob plant
  9641 | Lair:1   | Noticed an oklob plant
  9658 | Lair:1   | Killed an oklob plant
 10301 | Lair:2   | Found a broken altar of Ashenzari.
 10405 | Lair:2   | Gained mutation: Your demonic aura sometimes causes spilled
                  | blood to erupt in flames. [demonic ancestry]
 10405 | Lair:2   | Reached XP level 12. HP: 80/95 MP: 12/12
 10459 | Lair:2   | Noticed a boulder beetle
 10460 | Lair:2   | Identified the +2 mace of Conscience {drain, rC+}
 10506 | Lair:2   | Killed a boulder beetle
 10677 | Lair:2   | Found a staircase to the Shoals.
 10704 | Lair:2   | Noticed Erica
 10713 | Lair:2   | Killed Erica
 11569 | Lair:3   | Reached skill level 12 in Polearms
 11607 | Lair:3   | Found a gate leading to a gauntlet.
 11621 | Gauntlet | Entered a Gauntlet
 11621 | Gauntlet | Found a transporter.
 11630 | Gauntlet | Found a transporter.
 11645 | Gauntlet | Found a transporter.
 11648 | Gauntlet | Noticed a death scarab
 11650 | Gauntlet | Found a transporter.
 11665 | Gauntlet | Found a transporter.
 11683 | Gauntlet | Noticed a death scarab
 11684 | Gauntlet | Found a transporter.
 11695 | Gauntlet | Noticed a dire elephant
 11696 | Gauntlet | Found a transporter.
 11708 | Gauntlet | Found a transporter.
 11710 | Gauntlet | Noticed a quicksilver ooze
 11720 | Gauntlet | Found a transporter.
 11728 | Gauntlet | Found a large runed translucent door.
 11729 | Gauntlet | Found a large runed translucent door.
 11730 | Gauntlet | Found a large runed translucent door.
 11730 | Gauntlet | Found a large runed translucent door.
 11731 | Gauntlet | Found a runed translucent gate.
 11731 | Gauntlet | Noticed a catoblepas
 11732 | Gauntlet | Found a transporter.
 11732 | Gauntlet | Found a runed translucent gate.
 11733 | Gauntlet | Found a runed translucent gate.
 11734 | Gauntlet | Found a large runed translucent door.
 11734 | Gauntlet | Found a large runed translucent door.
 11734 | Gauntlet | Found a runed translucent door.
 11734 | Gauntlet | Found a runed translucent door.
 11735 | Gauntlet | Found a large runed translucent door.
 11736 | Gauntlet | Found a large runed translucent door.
 11738 | Gauntlet | Found a transporter.
 11738 | Gauntlet | Found a transporter.
 11743 | Gauntlet | Found a large runed translucent door.
 11743 | Gauntlet | Found a large runed translucent door.
 11744 | Gauntlet | Found a large runed translucent door.
 11745 | Gauntlet | Found a large runed translucent door.
 11754 | Gauntlet | Found a large runed translucent door.
 11754 | Gauntlet | Found a large runed translucent door.
 11755 | Gauntlet | Found a large runed translucent door.
 11756 | Gauntlet | Found a large runed translucent door.
 11777 | Gauntlet | Found a transporter.
 11778 | Gauntlet | Noticed a tengu warrior
 11802 | Gauntlet | Found a transporter.
 11804 | Gauntlet | Found a transporter.
 11826 | Gauntlet | Found a transporter.
 11826 | Gauntlet | Found a transporter.
 11932 | Gauntlet | Found a transporter.
 12411 | Lair:3   | You fall into a shaft and drop 2 floors!
 12411 | Lair:5   | Noticed a four-headed hydra
 12416 | Lair:5   | Killed a four-headed hydra
 12451 | Lair:5   | Noticed a five-headed hydra
 12460 | Lair:5   | Killed a five-headed hydra
 12749 | Lair:5   | Reached skill level 10 in Fighting
 12814 | Lair:5   | Identified the ring "Ziesipiu" {Fly Str+4 Int+4 Stlth+}
 12891 | Lair:5   | Reached skill level 5 in Shields
 13176 | Lair:4   | Reached XP level 13. HP: 103/103 MP: 13/13
 13388 | Lair:3   | Reached skill level 13 in Polearms
 13899 | Lair:4   | Identified the +7 spear of the Dwarven Hall {vorpal, Str+3}
                  | (Trog gifted it to you on level 4 of the Lair of Beasts)
 13899 | Lair:4   | Received a gift from Trog
 13929 | Lair:4   | Found a hole to the Spider Nest.
 15302 | Lair:6   | Entered Level 6 of the Lair of Beasts
 15310 | Lair:6   | Found a staircase to the Slime Pits.
 15310 | Lair:6   | Found a viscous altar of Jiyva.
 15911 | Lair:6   | Noticed Rupert
 15932 | Lair:6   | Killed Rupert
 16126 | Lair:6   | Reached skill level 10 in Dodging
 16249 | Lair:6   | Reached skill level 14 in Polearms
 16283 | Lair:6   | Reached skill level 10 in Armour
 16288 | Lair:6   | Gained mutation: Spells you cast and wands you use may
                  | paralyse nearby enemies. [demonic ancestry]
 16288 | Lair:6   | Reached XP level 14. HP: 41/113 MP: 14/14
 17062 | D:11     | Noticed Josephine
 17071 | D:11     | Killed Josephine
 17196 | D:11     | Reached skill level 1 in Throwing
 17704 | D:11     | Received a gift from Trog
 19099 | D:12     | Found Likin's Distillery.
 19242 | D:12     | Reached skill level 5 in Evocations
 19242 | D:12     | Gained mutation: Your demonic aura often causes spilled
                  | blood to erupt in flames. [demonic ancestry]
 19242 | D:12     | Reached XP level 15. HP: 122/122 MP: 15/15
 19686 | D:13     | Found a gate to the Vaults.
 19847 | D:13     | Found Jyannat's Magic Scroll Shoppe.
 20281 | D:14     | Noticed Jorgrun
 20301 | D:14     | Killed Jorgrun
 20301 | D:14     | Received a gift from Trog
 20330 | D:14     | Found a radiant altar of Vehumet.
 20443 | D:14     | Reached XP level 16. HP: 90/130 MP: 16/16
 20495 | D:14     | Noticed Louise
 20500 | D:14     | Cast into level 2 of the Abyss (Louise)
 20648 | Abyss:2  | Noticed a tentacled starspawn
 20927 | Abyss:2  | Gained mutation: You are clumsy. (Dex -2) [a neqoxec]
 21189 | D:14     | Escaped the Abyss
 21201 | D:14     | Killed Louise
 22001 | D:15     | Entered Level 15 of the Dungeon
 22471 | D:15     | Found a staircase to the Depths.
 22528 | D:15     | Killed from afar by a vampire mage

Illustrated notes

Levels and vault maps discovered:
D:1:      dpeg_arrival_line_fractal, layout_basic,
          shapermc_ecumenical_altar_mp_ritualfount,
          hangedman_abyss_or_decor_stabs, minivault_4
D:2:      layout_rooms, kennysheep_generic_room_6
D:3:      layout_rooms, mainiacjoe_overflow_boulevard, dk_xom_monty_hall,
          chequers_serial_rivers_large_a, kennysheep_generic_room_11, uniq_ijyb
D:4:      layout_basic, nicolae_wu_jian_immortal_techniques, old_standard_altar,
          roderic_batcave, uniq_eustachio, uniq_blork_the_orc
D:5:      layout_rooms, minmay_temple_entry_arrows, minmay_ruined_shrine,
          uniq_menkaure
D:6:      layout_basic, minmay_curled_crystal
D:7:      layout_loops_ring, enter_bailey_2, nicolae_shop_unique_rings,
          nicolae_concentric_dashed_squares_mild,
          chequers_serial_rivers_small_b, serial_bayou_pond_b,
          chequers_big_river
D:8:      layout_loops_ring, tgw_sif, uniq_joseph, uniq_gastronok
D:9:      layout_basic, minmay_overflow_temple_star_quad, dpeg_oklobed_lair,
          orc_david_3, uniq_maurice
D:10:     layout_roguey, lemuel_tele_altar, minmay_misc_feat_tower
D:11:     layout_roguey, corexii_corridor_pit, minmay_increasing_density,
          uniq_josephine
D:12:     minmay_quarter_circles, layout_loops_corners, serial_shops,
          nicolae_shop_crystal
D:13:     layout_irregular_city, erik_vaults_1, serial_shops,
          nicolae_shop_trees, minivault_12
D:14:     layout_roguey, vehumet_crystals, uniq_louise, uniq_jorgrun
D:15:     gammafunk_depths_entry_grave, layout_grid_maze,
          minmay_misc_feat_four_crosses, nicolae_elemental_shop, minivault_16
Lair:1:   dpeg_oklob_gauntlet, layout_hall_layers, st_stairs_12,
          serial_bayou_ford_a, disabler_island
Lair:2:   hellmonk_destroyed_diamonds, layout_cellular_growth,
          minmay_shoals_entry_beasts, basic_altar,
          chequers_serial_rivers_micro_d, chequers_serial_rivers_micro_d,
          nzn_sisyphean_effort, uniq_erica
Lair:3:   layout_concentric_octagons, gauntlet_entry_generic,
          minmay_shattered_shrine
Lair:4:   minmay_lair_oklob_tunnel, layout_regular_city,
          hellmonk_spider_entry_not_the_bees,
          portal_ice_cave_entry_ice_simulacra, chequers_serial_rivers_small_b,
          lemuel_fruit_fields
Lair:5:   layout_cave_pods, nzn_random_ring, lemuel_fruit_tree,
          serial_bayou_shore_a
Lair:6:   hangedman_lair_in_review, layout_big_grid, guppyfry_lair_end_dragon,
          slime_altar_1, infiniplex_staircase_pool_2, uniq_rupert

Skill      XL: |  1  2  3  4  5  6  7  8  9 10 11 12 13 14 15 16 |
---------------+-------------------------------------------------+-----
Dodging        | 2 3 4 5 6 7 8 9 10 11 | 11.3
Polearms       | 3 4 5 6 7 8 10 11 12 14 | 14.0
Armour         | 2 3 4 5 6 7 8 9 10 11 | 11.2
Fighting       | 4 5 6 7 8 9 10 11 12 13 | 13.5
Shields        | 3 5 6 7 8 |  8.6
Throwing       | 3 4 |  4.6
Evocations     | 5 |  5.5

Action                   |  1- 3 |  4- 6 |  7- 9 | 10-12 | 13-15 | 16-18 || total
-------------------------+-------+-------+-------+-------+-------+-------++-------
Melee: Spear             |   180 |   105 |       |       |       |       ||   285
       Kick              |    22 |    27 |    69 |   196 |   192 |       ||   506
       Punch             |     2 |     5 |     4 |     2 |       |       ||    13
       Trident           |       |    36 |   259 |   645 |   820 |   251 ||  2011
 Fire: Hunting sling     |       |       |       |    94 |   106 |     3 ||   203
Throw: Stone             |       |       |     3 |     2 |       |       ||     5
Invok: Berserk           |     1 |     2 |     2 |     3 |     2 |     2 ||    12
       Trog's Hand       |       |       |     2 |     8 |     9 |     3 ||    22
       Brothers in Arms  |       |       |       |       |     1 |     1 ||     2
  Use: Scroll            |     3 |     3 |     4 |    14 |    11 |     3 ||    38
       Potion            |       |       |       |       |     2 |       ||     2
 Stab: Distracted        |       |       |       |       |     1 |       ||     1
Armor: Animal skin       |    15 |       |       |       |       |       ||    15
       Chain mail        |    36 |    50 |   107 |       |       |       ||   193
       Ring mail         |     8 |       |       |       |       |       ||     8
       Plate armour      |       |       |       |   255 |   175 |       ||   430
       Swamp dragon scal |       |       |       |       |    84 |   107 ||   191
Dodge: Dodged            |    70 |    41 |    81 |   173 |   274 |   125 ||   764
Block: Kite shield       |       |       |       |   124 |   285 |    46 ||   455
       Tower shield      |       |       |       |       |       |    93 ||    93
